 Seeded DCSS version 0.29-a0-575-g0dc89cf053 (webtiles) character file.

Game seed: 8572682691686822440 (custom seed)

2583 happo123 the Covert (level 9, 34/51 HPs)
             Began as a Vampire Enchanter on June 12, 2022.
             Was a Believer of Wu Jian.
             Quit the game on level 7 of the Dungeon.
             The game lasted 00:22:43 (6288 turns).

happo123 the Covert (Vampire Enchanter)             Turns: 6288, Time: 00:22:44

Health: 34/51      AC: -4    Str:  5 (7)  XL:     9   Next: 32%
Magic:  11/15      EV: 22    Int: 19 (21) God:    Wu Jian [**....]
Gold:   425        SH:  0    Dex: 18 (20) Spells: 5/16 levels left

rFire   . . .      SeeInvis +   (weapon currently unavailable)
rCold   + + .      Faith    .   (shield currently unavailable)
rNeg    + + +      Spirit   .   (body armour currently unavailable)
rPois   ∞          Reflect  .   (helmet currently unavailable)
rElec   .          Harm     .   (cloak currently unavailable)
rCorr   .          Rampage  .   (gloves currently unavailable)
Will    .....                   (boots currently unavailable)
Stlth   +++++++...              (no amulet)
HPRegen 0.17/turn               (ring currently unavailable)
MPRegen 0.14/turn               (ring currently unavailable)

@: bat-form, corroded, flying, bloodless, very quick
A: fast, flying, no casting, tiny, bloodless, fangs 3, see invisible, vampiric 2
a: Revivify, End Transformation, Renounce Religion, Wall Jump


You were on level 7 of the Dungeon.
You worshipped Wu Jian.
Wu Jian was pleased with you.
You were a vampire bat.
You visited 2 branches of the dungeon, and saw 8 of its levels.

You collected 425 gold pieces.

Inventory:

Hand Weapons
 a - a +1 dagger (melded)
Missiles
 F - a throwing net
Armour
 b - a +0 robe
 e - a +0 pair of boots (melded)
 f - an orb of guile (melded)
 l - a +1 helmet (melded)
 w - a +0 pair of gloves
 E - a +2 pair of gloves (melded)
 H - a +2 leather armour of willpower (melded)
Magical Staves
 x - a staff of fire
Jewellery
 i - an amulet of regeneration
 I - a +6 ring of strength (melded)
Wands
 t - a wand of polymorph (6)
 A - a wand of paralysis (7)
Scrolls
 d - 5 scrolls of fear {unknown}
 g - 2 scrolls of magic mapping {unknown}
 j - a scroll of blinking {unknown}
 k - 7 scrolls of teleportation {unknown}
 n - 2 scrolls of summoning {unknown}
 r - a scroll of enchant weapon {unknown}
 s - 4 scrolls of identify {unknown}
 v - a scroll of vulnerability {unknown}
 y - a scroll of noise {unknown}
 B - a scroll of poison {unknown}
 D - a scroll of brand weapon {unknown}
Potions
 c - 3 potions of invisibility
 h - a potion of curing {unknown}
 m - 2 potions of heal wounds {unknown}
 o - a potion of resistance {unknown}
 p - a potion of flight {unknown}
 q - a potion of lignification {unknown}
 u - 2 potions of ambrosia {unknown}
 z - a potion of magic {unknown}
 G - 2 potions of haste {unknown}


   Skills:
 + Level 3.6 Fighting
 + Level 4.6 Short Blades
 + Level 5.1 Dodging
 * Level 10.3 Stealth
 + Level 4.3 Spellcasting
 * Level 9.6 Hexes
 + Level 3.8 Ice Magic


You had 5 spell levels left.
You knew the following spells:

 Your Spells              Type           Power      Damage    Failure   Level
a - Ensorcelled Hibernat  Hex/Ice        58%        N/A       1%          2
b - Confusing Touch       Hex            40%        N/A       1%          3
c - Tukima's Dance        Hex            40%        N/A       1%          3
d - Frozen Ramparts       Ice            36%        1d5       9%          3

Your spell library contained the following spells:

 Spells                   Type           Power      Damage    Failure   Level
 Freeze                   Ice            72%        1d9       2%          1
 Dazzling Flash           Conj/Hex       44%        N/A       5%          3
 Hailstorm                Conj/Ice       11%        3d5       52%         4


Dungeon Overview and Level Annotations

Branches:
Dungeon (7/15)             Temple (1/1) D:5

Altars:
Ashenzari
Cheibriados
Dithmenos
Elyvilon
Fedhas
Gozag
Hepliaklqana
Kikubaaqudgha
Makhleb
Nemelex Xobeh
Okawaru
Qazlal
Ru
Sif Muna
Trog
Uskayaw
Vehumet
Wu Jian
Xom
Yredelemnul
Zin
The Shining One

Shops:
D:6 (


Innate Abilities, Weirdness & Mutations

You are a vampire bat.
You are tiny and dextrous.
You move quickly.
You are flying.
You are immune to poison.
Your equipment is almost entirely melded.
You are incapable of wielding weapons or throwing items.
You cannot cast spells.
You do not regenerate when monsters are visible.
You are frail without blood (-20% HP).
You can heal yourself when you bite living creatures.
You are immune to poison.
You have razor-sharp teeth.
You have supernaturally acute eyesight. (SInv)
You are afflicted with vampirism and can become a bat while bloodless.


Message History

The ball of steam misses you.
You hear a howl!
You hit the steam dragon but do no damage.
The steam dragon is moderately wounded.
You are engulfed in a cloud of scalding steam.
* * * LOW HITPOINT WARNING * * *
The wall freezes the howler monkey.
The howler monkey hits you.
* * * LOW HITPOINT WARNING * * *
The wall freezes the steam dragon.
The steam dragon bites you but does no damage.
The steam dragon claws you.
* * * LOW HITPOINT WARNING * * *
You turn into a vampire bat.
Your +1 dagger melds into your body.
Your +1 helmet melds into your body.
Your +2 pair of gloves melds into your body.
Your +0 pair of boots melds into your body.
Your orb of guile melds into your body.
Your +2 leather armour of willpower melds into your body.
Your +6 ring of strength melds into your body.
You feel less strong-willed.
You feel weaker.
You feel weakened.
You feel dopey.
You feel clumsy.
You are engulfed in a cloud of scalding steam.
* * * LOW HITPOINT WARNING * * *
The wall freezes the howler monkey.
The howler monkey hoots and howls with incredible vigour!
The wall freezes the steam dragon.
The steam dragon misses you. The steam dragon completely misses you.
Your frozen ramparts will break if you move.
Continue?
The frozen ramparts melt away as you move.
You spin and attack the steam dragon.
You hit the steam dragon but do no damage.
The steam dragon is heavily wounded.
The steam dragon breathes steam at you. The ball of steam hits you!
Your necklace shatters, unleashing a wave of protective dreams!
You dream of health, friendship, and clouds.
The ball of steam hits your bullfrog!!
The ball of steam misses your orc priest.
Unknown command.
Are you sure you want to abandon this character and quit the game? (Confirm with "yes".)

##.........######................
...........'...##.######...######
###........###.##.# #.<.####..
.......##### #.##.# #.........
######## #.##.#######'#####.#
###########.##.#..(# #.# #..
............##§#.#.# #.#######
########.#####o#+#.###.......#
#.D.FobFo..........##.#
#h######o...(.......# # #.#
#............# # #####
#.#######+#########.# # ##≈≈≈≈#
#h........ .# #
#≈≈≈≈≈≈###..###### .# #
.....hS.§)..# .# ......J§....#
..≈≈.!§.≈...#


You could see 2 friendly bullfrogs, 2 friendly orc priests and 2 friendly orcs.

Vanquished Creatures
  Grinder (D:3)
  A wyvern (D:7)
  Menkaure (D:4)
  A water moccasin (D:7)
  An orc warrior (D:6)
  4 sky beasts
  2 phantoms
  2 bullfrogs (D:7)
  2 kobold brigands
  A necrophage (D:5)
  3 scorpions
  3 killer bees (D:7)
  2 howler monkeys
  4 orc priests
  6 hounds
  2 jellies (D:7)
  Jessica (D:3)
  An iguana (D:4)
  2 orc wizards (D:5)
  8 adders
  7 gnolls
  An ufetubus (D:4)
  2 worms (D:3)
  4 dart slugs
  10 orcs
  8 ball pythons
  6 endoplasms
  A giant cockroach (D:2)
  3 goblins
  5 hobgoblins
  2 quokkas
  7 bats
  5 frilled lizards
  20 kobolds
  8 rats
137 creatures vanquished.

Vanquished Creatures (collateral kills)
  A gnoll (D:5)
1 creature vanquished.

Grand Total: 138 creatures vanquished

Notes
Turn   | Place    | Note
-------+----------+-------------------------------------------
     0 | D:1      | happo123 the Vampire Enchanter began the quest for the Orb.
     0 | D:1      | Reached XP level 1. HP: 13/13 MP: 3/3
    50 | D:1      | Found a faded altar of an unknown god.
   220 | D:1      | Reached XP level 2. HP: 15/19 MP: 5/5
   223 | D:1      | Learned a level 2 spell: Ensorcelled Hibernation
  1119 | D:2      | Reached skill level 5 in Stealth
  1333 | D:2      | Reached skill level 5 in Hexes
  1333 | D:2      | Gained mutation: You are afflicted with vampirism and can
                  | become a bat while bloodless. [Vampire growth]
  1333 | D:2      | Reached XP level 3. HP: 20/20 MP: 3/6
  1337 | D:2      | Learned a level 3 spell: Confusing Touch
  1720 | D:2      | Reached XP level 4. HP: 24/24 MP: 7/7
  1878 | D:3      | Noticed Jessica
  1881 | D:3      | Killed Jessica
  2008 | D:3      | Reached skill level 1 in Ice Magic
  2206 | D:3      | Reached skill level 1 in Fighting
  2291 | D:3      | Noticed Grinder
  2315 | D:3      | Paralysed by Grinder for 4 turns
  2322 | D:3      | Reached XP level 5. HP: 7/29 MP: 3/8
  2330 | D:3      | Killed Grinder
  2331 | D:3      | Reached skill level 6 in Stealth
  2331 | D:3      | Reached XP level 6. HP: 11/34 MP: 1/10
  2335 | D:3      | Learned a level 3 spell: Tukima's Dance
  2955 | D:4      | Noticed Menkaure
  2962 | D:4      | Killed Menkaure
  2963 | D:4      | Reached skill level 7 in Stealth
  2963 | D:4      | Reached XP level 7. HP: 39/39 MP: 11/11
  2972 | D:4      | Learned a level 3 spell: Frozen Ramparts
  3325 | D:5      | Entered Level 5 of the Dungeon
  3825 | D:5      | Found the dreamshard necklace {*Dream Drain}
  3955 | D:5      | Found a staircase to the Ecumenical Temple.
  3964 | Temple   | Entered the Ecumenical Temple
  3967 | Temple   | Became a worshipper of the Wu Jian Council
  4093 | D:5      | Reached skill level 8 in Stealth
  4641 | D:6      | Reached XP level 8. HP: 45/45 MP: 10/13
  4891 | D:6      | Reached skill level 9 in Stealth
  4944 | D:6      | Found Esesamae's Antique Weapon Shop.
  5050 | D:6      | Found a shimmering altar of Xom.
  5089 | D:6      | Reached * piety under Wu Jian
  5800 | D:7      | Reached XP level 9. HP: 29/51 MP: 6/15
  6107 | D:7      | Reached skill level 10 in Stealth
  6143 | D:7      | Reached skill level 5 in Dodging
  6275 | D:7      | Reached ** piety under Wu Jian
  6288 | D:7      | Quit the game

Illustrated notes

Levels and vault maps discovered:
D:1:      ncdulo_lavacross, layout_basic, serial_rivers,
          chequers_serial_rivers_marsh, chequers_serial_rivers_micro_c,
          chequers_serial_rivers_large_a, chequers_serial_rivers_small_a,
          chequers_serial_rivers_micro_e, chequers_serial_rivers_room_b,
          ebering_ecumenical_altar_box, serial_bayou_ford_a
D:2:      layout_loops_ring, minmay_surrounded
D:3:      layout_loops_ring, item_on_display_b, uniq_jessica, uniq_grinder
D:4:      layout_rooms, uniq_menkaure
D:5:      layout_loops_corners, minmay_temple_entry_large_hall, minivault_27,
          chequers_decorated_corner
D:6:      layout_basic, mainiacjoe_overflow_cross_hatched, serial_shops,
          nicolae_take_the_stairs, hangedman_decor_growths
D:7:      cheibrodos_helix_gallery, layout_basic
Temple:   dpeg_three_leaves_temple

Skill      XL: |  1  2  3  4  5  6  7  8  9 |
---------------+----------------------------+-----
Stealth        | 5 6 7 8 9 10 | 10.3
Hexes          | 5 6 7 9 |  9.6
Short Blades   | 2 3 4 |  4.6
Ice Magic      | 1 2 3 |  3.8
Fighting       | 1 2 3 |  3.6
Dodging        | 3 4 5 |  5.1
Spellcasting   | 3 4 |  4.3

Action                   |  1- 3 |  4- 6 |  7- 9 || total
-------------------------+-------+-------+-------++-------
Melee: Dagger            |    91 |    68 |   128 ||   287
       Bite              |     6 |     6 |    10 ||    22
       Unarmed           |       |       |     1 ||     1
 Cast: Ensorcelled Hiber |    21 |    10 |    45 ||    76
       Confusing Touch   |       |     4 |     3 ||     7
       Frozen Ramparts   |       |       |     6 ||     6
       Tukima's Dance    |       |       |     2 ||     2
Invok: Lunge             |       |       |    26 ||    26
       Whirlwind         |       |       |     5 ||     5
 Abil: Exsanguinate      |     1 |       |       ||     1
       Bat Form          |       |       |     1 ||     1
 Stab: Sleeping          |    28 |    18 |    50 ||    96
       Confused          |       |     4 |     3 ||     7
Armor: Robe              |    25 |     9 |    33 ||    67
       Leather armour    |       |       |     3 ||     3
Dodge: Dodged            |    49 |    21 |    60 ||   130

Table legend: (Time is in decaauts)
 A = Elapsed time spent in this place.
 B = Non-inter-level travel time spent in this place.
 C = Inter-level travel time spent in this place.
 D = Time resting spent in this place.
 E = Time spent auto-exploring this place.
 F = Levels seen in this place.
 G = Mean time per level.
                   A        B        C        D        E       F      G
               +--------+--------+--------+--------+--------+-----+--------+
         Total |   6289 |   5938 |    351 |     50 |   4737 |   8 |  786.1 |
       Dungeon |   6209 |   5874 |    335 |     50 |   4682 |   7 |  887.0 |
        Temple |     80 |     64 |     16 |      0 |     55 |   1 |   80.0 |
               +--------+--------+--------+--------+--------+-----+--------+

Top non-repeatable levels by time:
     D:5: 1197 daAuts
     D:6: 1059 daAuts
     D:1: 968 daAuts
     D:2: 936 daAuts
     D:3: 842 daAuts
     D:4: 623 daAuts
     D:7: 582 daAuts
  Temple: 80 daAuts
